AoeStats
← rondelok

Black Forest

505527084Analyzed
2v2 RM · 21d ago on Sep 9, 2026· 64m 32s· 4 players
Game mode
Random Map
Map size
Medium (4 player)
Population
200
Speed
Normal
Resources
Standard
Victory
Conquest
Starting age
Dark Age
Ending age
Imperial Age
RankedLock teamsTeams togetherTeam positionsShared explorationLock speedFull tech treeHidden civsTurbo modeCheats
Victory
Defeat
🇪🇪 Portuguese · Estonia
894
+12
🇪🇪 Vietnamese · Estonia
607
+24
🇲🇽 Bohemians · Mexico
806
-18
🇪🇸 Tupi · Spain
786
-34
TitoLoco107
2:41 Loom
11:21 Feudal Age
14:57 Wheelbarrow
14:17 Double-Bit Axe
17:39 Horse Collar
21:25 Castle Age
20:48 Stone Mining
21:02 Gold Mining
22:47 Bow Saw
25:10 Fletching
25:31 Forging
26:16 Hand Cart
26:36 Ballistics
25:57 Treadmill Crane
26:38 Heavy Plow
28:22 Gold Shaft Mining
29:57 Guard Tower
30:39 Murder Holes
31:26 Caravan
32:03 Town Watch
32:36 Bodkin Arrow
33:16 Iron Casting
33:20 Town Patrol
34:33 Scale Mail Armor
34:34 Padded Archer Armor
37:55 Imperial Age
38:36 Elite Blackwood Archer
41:31 Curare
41:35 Caciques
42:06 Hoardings
41:55 Conscription
42:40 Two-Man Saw
42:03 Elite Ibirapema Warrior
44:47 Bracer
45:03 Leather Archer Armor
45:03 Chain Mail Armor
45:51 Chemistry
44:37 Arrowslits
48:38 Pikeman
49:21 Squires
48:42 Champi Runner
48:45 Capped Ram
52:40 Halberdier
52:41 Champi Warrior
58:58 Ring Archer Armor
58:59 Plate Mail Armor
59:45 Siege Ram
CALLATEprr@
0:56 Loom
21:32 Feudal Age
22:27 Double-Bit Axe
29:42 Castle Age
29:26 Horse Collar
31:00 Heavy Plow
32:19 Bow Saw
34:04 Wheelbarrow
34:07 Town Watch
35:35 Caravan
36:39 Hand Cart
36:36 Pikeman
37:17 Squires
37:03 Arson
37:40 Forging
45:05 Imperial Age
44:10 Chemistry
43:31 Ballistics
42:52 Treadmill Crane
47:24 Two-Man Saw
46:47 Fervor
47:03 Town Patrol
47:35 Halberdier
49:23 Wagenburg Tactics
48:39 Elite Hussite Wagon
48:49 Man-at-Arms
50:38 Iron Casting
50:04 Scale Mail Armor
49:35 Long Swordsman
50:21 Two-Handed Swordsman
rondelok
0:54 Loom
13:25 Feudal Age
17:25 Castle Age
16:21 Double-Bit Axe
16:20 Horse Collar
19:07 Bow Saw
21:07 Gold Mining
22:27 Wheelbarrow
23:53 Hand Cart
25:10 Heavy Plow
28:40 Imperial Age
27:24 Fletching
27:38 Scale Mail Armor
27:48 Forging
28:01 Fortified Wall
28:34 Bodkin Arrow
28:54 Chain Mail Armor
28:50 Forging
30:59 Chemistry
31:01 Plate Mail Armor
31:23 Bracer
32:57 Conscription
34:50 Town Watch
35:44 Iron Casting
38:48 Town Patrol
39:55 Blast Furnace
39:04 Elite Organ Gun
40:35 Ballistics
41:18 Crop Rotation
41:55 Two-Man Saw
40:18 Pikeman
40:43 Arson
41:22 Halberdier
42:52 Siege Engineers
45:00 Bombard Tower
49:09 Arquebus
52:13 Masonry
52:00 Murder Holes
kaspko
8:54 Loom
15:16 Feudal Age
19:58 Double-Bit Axe
20:46 Fletching
20:58 Padded Archer Armor
23:15 Gold Mining
28:13 Horse Collar
31:25 Castle Age
30:37 Forging
31:15 Wheelbarrow
30:30 Town Watch
31:02 Stone Mining
33:46 Bow Saw
33:40 Heavy Plow
37:06 Squires
37:56 Iron Casting
37:44 Elite Skirmisher
44:05 Crossbowman
48:45 Imperial Age
46:25 Town Patrol
48:04 Caravan
49:02 Imperial Skirmisher
49:50 Thumb Ring
49:16 Arbalester
50:06 Bodkin Arrow
50:27 Leather Archer Armor
50:52 Stone Shaft Mining
52:54 Chemistry
52:14 Ballistics
51:36 Treadmill Crane
56:21 Paper Money
56:49 Hoardings
57:25 Siege Engineers
57:08 Arrowslits
58:15 Elite Rattan Archer
64:14 Murder Holes
64:33 Fortified Wall
Connection lost

Rejoining the realm…

Still unreachable

The connection could not be restored.

Session expired

The server has moved on; the page needs a fresh start.